 Dungeon Crawl Stone Soup version 0.27.1-3-gb3d3a73c9e (webtiles) character file.

Game seed: 6027012228925088234

2255 ABBCCCDDDD the Covert (level 9, -3/64 HPs)
             Began as an Octopode Enchanter on Oct 9, 2021.
             Was an Initiate of Gozag.
             Slain by a wraith (14 damage)
             ... in an ossuary.
             The game lasted 00:13:42 (10076 turns).

ABBCCCDDDD the Covert (Octopode Enchanter)         Turns: 10076, Time: 00:13:42

Health: -3/64      AC:  1    Str:  7    XL:     9   Next: 37%
Magic:  14/14      EV: 13    Int: 20    God:    Gozag
Gold:   347        SH:  0    Dex: 13    Spells: 8/14 levels left

rFire    . . .     SeeInvis .   g - +0 short sword (elec)
rCold    . . .     Faith    .   (no shield)
rNeg     . . .     Spirit   .   (helmet restricted)
rPois    .         Reflect  .   d - amulet of magic regeneration
rElec    .         Harm     .   (no ring)
rCorr    .         Rampage  .   (no ring)
Will     .....                  (no ring)
Stlth    +++++.....             (no ring)
HPRegen  0.20/turn              (no ring)
MPRegen  0.39/turn              (no ring)
                                (no ring)
                                (no ring)

@: about to teleport, slowed, very slow
A: almost no armour, amphibious, 8 rings, camouflage 1, gelatinous body 1,
(nimble swimmer 1), tentacles
a: Renounce Religion, Potion Petition, Call Merchant, Bribe Branch


You were in an ossuary.
You worshipped Gozag.
Gozag was aware of your devotion.
You visited 2 branches of the dungeon, and saw 8 of its levels.
You also visited: Ossuary.

You collected 578 gold pieces.
You spent 126 gold pieces at shops.
You paid 105 gold pieces to Gozag.

Inventory:

Hand Weapons
 g - a +0 short sword of electrocution (weapon)
 m - a +2 dagger of freezing
 r - the +3 dagger of Defiance {drain, *Rage rN++ Dex+2 SInv}
   (You bought it in a shop on level 3 of the Dungeon)

   A truly terrible weapon, it drains the life of any living foe it strikes.
   Dex:       It affects your dexterity (+2).
   rN:        It greatly protects you from negative energy.
   SInv:      It lets you see invisible.
   *Rage:     It may make you go berserk in combat.
Missiles
 s - 15 poisoned darts
Jewellery
 d - an amulet of magic regeneration (around mantle)
 p - an amulet of reflection
Wands
 k - a wand of flame (43)
Scrolls
 a - a scroll of fear {unknown}
 c - 2 scrolls of magic mapping {unknown}
 e - 2 scrolls of blinking {unknown}
 f - 6 scrolls of teleportation
 h - a scroll of enchant weapon {unknown}
 j - 10 scrolls of identify {unknown}
 l - a scroll of noise {unknown}
 n - a scroll of enchant armour {unknown}
Potions
 b - a potion of magic {unknown}
 i - 3 potions of cancellation
 o - a potion of ambrosia {unknown}
 q - 4 potions of curing {unknown}
 t - a potion of heal wounds {unknown}
 u - a potion of invisibility {unknown}


   Skills:
 + Level 7.2 Fighting
 - Level 3.0 Short Blades
 - Level 2.0 Dodging
 - Level 10.0 Stealth
 + Level 3.3 Spellcasting
 - Level 6.0 Hexes
 - Level 2.0 Ice Magic
 + Level 1.5 Evocations


You had 8 spell levels left.
You knew the following spells:

 Your Spells              Type           Power      Damage    Failure   Level
a - Corona                Hex            30%        N/A       1%          1
b - Ensorcelled Hibernat  Hex/Ice        38%        N/A       4%          2
c - Tukima's Dance        Hex            27%        N/A       3%          3

Your spell library contained the following spells:

 Spells                   Type           Power      Damage    Failure   Level
 Confusing Touch          Hex            27%        N/A       3%          3
 Dazzling Flash           Conj/Hex       30%        N/A       12%         3
 Beastly Appendage        Tmut           6%         N/A       14%         1
 Wereblood                Tmut           3%         N/A       21%         2
 Spider Form              Tmut/Pois      1%         N/A       38%         3
 Blade Hands              Tmut           1%         N/A       98%         5
 Irradiate                Conj/Tmut      1%         3d14      98%         5
 Dragon Form              Tmut           1%         N/A       100%        7


Dungeon Overview and Level Annotations

Branches:
Dungeon (7/15)             Temple (1/1) D:6         Ossuary (1/1)

Altars:
Ashenzari
Cheibriados
Dithmenos
Gozag
Kikubaaqudgha
Makhleb
Nemelex Xobeh
Qazlal
Trog
Wu Jian
Xom
Zin
The Shining One

Shops:
D:3 (

Annotations:
D:4 3 runed translucent doors, Eustachio; PanSaczeczos's ghost, amateur DsWn
D:5 exclusion: zombie


Innate Abilities, Weirdness & Mutations

You cannot wear most types of armour.
You are amphibious.
You can wear up to eight rings at the same time.
Your skin changes colour to match your surroundings (Stealth+).
Your rubbery body absorbs attacks. (AC +1, EV +1)
((You are camouflaged near water. (Stealth+)))
You have tentacles for arms and can constrict up to eight enemies at once.


Message History

The wraith is heavily damaged.
The wraith hits you! The wraith drains your vigour!
You feel yourself slow down.
You hit the wraith.
The wraith is heavily damaged.
The wraith barely misses you.
You hit the wraith but do no damage. Your squeeze misses the wraith.
The wraith is heavily damaged.
The wraith misses you. x2
You closely miss the wraith.
The wraith is heavily damaged.
The wraith hits you. The wraith drains your vigour!
You feel as though you will be slow longer.
You hit the wraith but do no damage.
The wraith is heavily damaged.
The wraith hits you. The wraith drains your vigour!
You feel as though you will be slow longer.
The wraith hits you!
You hit the wraith but do no damage.
The wraith is heavily damaged.
The wraith hits you! The wraith drains your vigour!
You feel as though you will be slow longer.
You are too injured to fight recklessly!
Aiming: Throw Flame
Press: ? - help, Shift-Dir - straight line, f - wraith
Aim: a wraith (heavily damaged, 71% to hit)
The puff of flame misses the wraith.
The wraith hits you. The wraith drains your vigour!
You feel as though you will be slow longer.
The wraith hits you.
* * * LOW HITPOINT WARNING * * *
The wraith drains your vigour!
You feel as though you will be slow longer.
As you read the scroll labelled BOOMEHU UHOFO, it crumbles to dust.
You feel strangely unstable.
It was a scroll of teleportation.
The wraith hits you!
* * * LOW HITPOINT WARNING * * *
The wraith hits you!
You die...
Your body crumbles into a pile of gold.

###############
#.............#
#.W##.###.##'.#
#@#.#.# #.#)#.#
#.###.###.###.#
#.............#
#.............#
#.###.....###.#
#.#z#.....#z#.#
#.###.....###.#
#.............#
#.............#


You could see a wraith.

Levels and vault maps discovered:
D:1:      matt_arrival_refuge, layout_rooms, amcnicky_mini_corridor_feature,
          minmay_statues_item
D:2:      layout_basic, minmay_snake_closets
D:3:      layout_basic, serial_shops, shop
D:4:      layout_layer_cave, gammafunk_ghost_nasty_kobolds, bh_walls_and_bars,
          uniq_eustachio
D:5:      layout_gridville, lemuel_doored_altar,
          mainiacjoe_overflow_concentric_impassable, water_boxes_lemuel
D:6:      minmay_flawed_box, layout_cave_pools, lightli_temple_of_fire,
          minmay_temple_entry_grid, uniq_pikel
D:7:      layout_loops_ring, nicolae_ossuary_entry_giza,
          roderic_serpentine_path, chequers_serial_rivers_marsh
Temple:   eino_narrow_crystal_temple
Ossuary:  ossuary_due_cavern

Notes
Turn   | Place    | Note
-------+----------+-------------------------------------------
     0 | D:1      | ABBCCCDDDD the Octopode Enchanter began the quest for the
                  | Orb.
     0 | D:1      | Reached XP level 1. HP: 11/11 MP: 3/3
   140 | D:1      | Reached XP level 2. HP: 10/18 MP: 5/5
   421 | D:1      | Reached skill level 1 in Fighting
  1065 | D:2      | Reached XP level 3. HP: 23/23 MP: 6/6
  1068 | D:2      | Learned a level 2 spell: Ensorcelled Hibernation
  1346 | D:2      | Reached XP level 4. HP: 25/29 MP: 7/7
  2218 | D:3      | Reached skill level 1 in Ice Magic
  2387 | D:3      | Reached skill level 5 in Stealth
  2733 | D:3      | Found Rovuifeg's Antique Weapon Emporium.
  2917 | D:4      | Noticed Eustachio
  2949 | D:4      | Found a runed translucent gate.
  2949 | D:4      | Found a runed translucent gate.
  2949 | D:4      | Found a runed translucent gate.
  2987 | D:4      | Reached XP level 5. HP: 34/34 MP: 8/8
  3711 | D:4      | Reached XP level 6. HP: 32/41 MP: 3/9
  3781 | D:4      | Learned a level 3 spell: Tukima's Dance
  4195 | D:4      | Noticed PanSaczeczos's ghost (amateur DsWn)
  4709 | D:5      | Entered Level 5 of the Dungeon
  4723 | D:5      | Found an ornate altar of the Wu Jian Council.
  4931 | D:5      | Reached skill level 6 in Stealth
  4995 | D:5      | Found a glowing silver altar of Zin.
  5189 | D:5      | Reached XP level 7. HP: 46/46 MP: 10/10
  5464 | D:5      | Reached skill level 7 in Stealth
  5585 | D:5      | Reached skill level 5 in Hexes
  6082 | D:6      | Found a staircase to the Ecumenical Temple.
  6431 | D:6      | Noticed Pikel
  7210 | D:5      | Killed Pikel
  7211 | D:5      | Reached skill level 5 in Fighting
  7211 | D:5      | Reached skill level 8 in Stealth
  7211 | D:5      | Reached XP level 8. HP: 19/55 MP: 11/11
  7709 | D:6      | Reached skill level 9 in Stealth
  7838 | Temple   | Entered the Ecumenical Temple
  7846 | Temple   | Became a worshipper of Gozag Ym Sagoz the Greedy
  7935 | D:3      | Bought a faintly glowing dagger for 126 gold pieces
  7935 | D:3      | Identified the +3 dagger of Defiance {drain, *Rage rN++
                  | Dex+2 SInv} (You bought it in a shop on level 3 of the
                  | Dungeon)
  8947 | D:6      | Reached XP level 9. HP: 32/62 MP: 9/13
  9182 | D:6      | Found a burning altar of Makhleb.
  9311 | D:7      | Reached skill level 10 in Stealth
  9795 | D:7      | Found a sand-covered staircase.
  9801 | Ossuary  | Entered an ossuary
 10020 | Ossuary  | Reached skill level 1 in Evocations
 10076 | Ossuary  | Slain by a wraith

Table legend: (Time is in decaauts)
 A = Elapsed time spent in this place.
 B = Non-inter-level travel time spent in this place.
 C = Inter-level travel time spent in this place.
 D = Time resting spent in this place.
 E = Time spent auto-exploring this place.
 F = Levels seen in this place.
 G = Mean time per level.
                   A        B        C        D        E       F      G
               +--------+--------+--------+--------+--------+-----+--------+
         Total |  10088 |   9604 |    484 |   3450 |   4798 |   9 | 1120.9 |
       Dungeon |   9786 |   9316 |    470 |   3450 |   4586 |   7 | 1398.0 |
        Temple |     16 |      2 |     14 |      0 |      0 |   1 |   16.0 |
       Ossuary |    285 |    285 |      0 |      0 |    212 |   1 |  285.0 |
               +--------+--------+--------+--------+--------+-----+--------+

Top non-repeatable levels by time:
     D:5: 2720 daAuts
     D:4: 1795 daAuts
     D:6: 1756 daAuts
     D:2: 1283 daAuts
     D:3: 946 daAuts
     D:1: 787 daAuts
     D:7: 497 daAuts
 Ossuary: 285 daAuts
  Temple: 16 daAuts

Table legend:
 A = Kills in this place as a percentage of kills in entire the game.
 B = Kills by you in this place as a percentage of kills by you in the entire game.
 C = Kills by friends in this place as a percentage of kills by friends in the entire game.
 D = Other kills in this place as a percentage of other kills in the entire game.
 E = Experience gained in this place as a percentage of experience gained in the entire game.
 F = Experience gained in this place divided by the number of levels of this place that you have seen.
                   A       B       C       D       E      F
               +-------+-------+-------+-------+-------+----------------------
         Total | 100.0 | 100.0 |   N/A |   N/A | 100.0 | 358.0
       Dungeon |  90.0 |  90.0 |   N/A |   N/A |  85.8 | 394.9
       Ossuary |  10.0 |  10.0 |   N/A |   N/A |  14.2 | 458.0
               +-------+-------+-------+-------+-------+----------------------

Action                   |  1- 3 |  4- 6 |  7- 9 || total
-------------------------+-------+-------+-------++-------
Melee: Dagger            |    35 |       |       ||    35
       Tentacles         |    11 |    12 |    15 ||    38
       Short sword       |    29 |    92 |   149 ||   270
       Constrict         |    14 |    19 |    25 ||    58
 Cast: Ensorcelled Hiber |       |     5 |    26 ||    31
       Corona            |       |     2 |    16 ||    18
Evoke: Wand              |       |     1 |     6 ||     7
  Use: Potion            |       |       |     1 ||     1
       Scroll            |       |       |     1 ||     1
 Stab: Sleeping          |    16 |    17 |    30 ||    63
       Distracted        |     1 |       |       ||     1
Armor: Skin              |     8 |     6 |     4 ||    18
Dodge: Dodged            |    32 |    47 |    62 ||   141

Vanquished Creatures
  Pikel (D:5)
  A wraith (Ossuary)
  A hornet zombie (D:6)
  A black bear (D:5)
  A necrophage (D:7)
  A centaur (D:5)
  A lemure (D:6)
  An ogre (D:5)
  A phantom (D:5)
  A bullfrog (D:6)
  A scorpion (D:5)
  4 wights (Ossuary)
  A jelly (D:5)
  2 bullfrog zombies (D:6)
  3 hounds
  3 gnoll shamans
  An orc priest (D:4)
  A centaur skeleton (D:7)
  10 orc wizards
  A hound skeleton (D:4)
  A mummy (D:7)
  11 gnolls
  8 adders
  A white imp (D:6)
  A worm (D:2)
  3 dart slugs
  12 orcs
  11 ball pythons
  2 endoplasms
  A giant cockroach (D:2)
  5 goblins
  3 hobgoblins
  5 jackals
  6 kobolds
  A quokka (D:5)
  2 ball python skeletons (Ossuary)
  5 bats
  A frilled lizard (D:1)
  A hobgoblin skeleton (Ossuary)
  3 hobgoblin zombies
  3 kobold zombies (Ossuary)
  8 rats
131 creatures vanquished.

Vanquished Creatures (others)
  4 fungi (D:5)
4 creatures vanquished.

Grand Total: 135 creatures vanquished
